 Dungeon Crawl Stone Soup version 0.18.1-48-g4cf74bf (webtiles) character file.

30637 Kook the Arsonist (level 13, -1/115 HPs)
             Began as a Mottled Draconian Fire Elementalist on June 25, 2016.
             Was a High Priest of Nemelex Xobeh.
             Engulfed by a fire crab's flame (9 damage)
             ... while paralysed
             ... on level 7 of the Lair of Beasts on June 29, 2016.
             The game lasted 02:08:04 (22062 turns).

Kook the Arsonist (DrFE)                           Turns: 22062, Time: 02:08:05

Health: -1/115     AC: 19    Str: 13    XL:     13   Next: 21%
Magic:  26/26      EV:  2    Int: 20    God:    Nemelex Xobeh [*****.]
Gold:   964        SH:  0    Dex: 13    Spells: 5 memorised, 15 levels left

rFire  . . .     SeeInvis .     y - +0 glaive
rCold  . . .     Gourm    .     (armour unavailable)
rNeg   . . .     Faith    .     (shield currently unavailable)
rPois  .         Spirit   .     T - +0 hat
rElec  .         Dismiss  .     v - +0 cloak
rCorr  .         Reflect  .     j - +0 pair of gloves
SustAt .         Harm     .     n - +2 pair of boots
MR     .....                    t - amulet of magic regeneration
Stlth  ++........               d - +6 ring of protection
                                g - +3 ring of strength

@: paralysed, exhausted, slowed, not resistant to hostile enchantments,
unstealthy
A: breathe sticky flame splash, unfitting armour, cold-blooded, AC +8
a: Breathe Sticky Flame, Triple Draw, Deal Four, Stack Five, Renounce Religion


You were on level 7 of the Lair of Beasts.
You worshipped Nemelex Xobeh.
Nemelex Xobeh was extremely pleased with you.
You were hungry.

You visited 2 branches of the dungeon, and saw 17 of its levels.

You collected 964 gold pieces.

Inventory:

Hand Weapons
 y - a +0 glaive (weapon)
 D - a +2 trident
Armour
 j - a +0 pair of gloves (worn)
 n - a +2 pair of boots (worn)
 v - a +0 cloak (worn)
 T - a +0 hat (worn)
Jewellery
 d - a +6 ring of protection (right hand)
 g - a +3 ring of strength (left hand)
 i - an uncursed amulet of rage
 t - an amulet of magic regeneration (around neck)
Wands
 m - a wand of lightning (6/15)
 E - a wand of lightning (9/15)
Scrolls
 f - 2 scrolls of fear
 u - 5 scrolls of identify
 x - 4 scrolls of remove curse
 B - a scroll of recharging
 H - 2 scrolls of blinking
 M - 4 scrolls of teleportation
 Q - a scroll of amnesia
Potions
 c - 4 potions of haste
 k - 2 potions of resistance
 r - a potion of invisibility
 s - a potion of brilliance
 A - 2 potions of curing
 I - a potion of might {unknown}
 K - 3 potions of degeneration {unknown}
 P - 3 potions of flight
 U - a potion of cancellation {unknown}
 Y - a potion of ambrosia {unknown}
Books
 h - a book of Power

   Spells                             Type                      Level
   a - Fulminant Prism                Conjuration/Hexes            4
   b - Iskenderun's Mystic Blast      Conjuration                  4
   c - Venom Bolt                     Conjuration/Poison           5
   d - Bolt of Magma                  Conjuration/Fire/Earth       5
   e - Iron Shot                      Conjuration/Earth            6
   f - Orb of Destruction             Conjuration                  7
   g - Spellforged Servitor           Conjuration/Summoning        7
 W - Sif Muna's Grimoire of Ghastly Confrontation
   (You found it on level 8 of the Dungeon)

   Spells                             Type                      Level
   a - Fulminant Prism                Conjuration/Hexes            4
   b - Iskenderun's Mystic Blast      Conjuration                  4
   c - Freezing Cloud                 Conjuration/Ice/Air          6
   d - Simulacrum                     Ice/Necromancy               6
Miscellaneous
 a - a fan of gales
 e - a plain deck of war {drawn: 6}
 l - a plain deck of destruction
 o - an ornate deck of war {drawn: 3}
 C - an ornate deck of destruction
 F - a plain deck of destruction {drawn: 4}
 J - a legendary deck of war
 L - a phial of floods
 O - an ornate deck of escape
 R - a plain deck of war
 Z - a plain deck of war
Comestibles
 b - 13 bread rations
 p - a meat ration
 q - 3 chunks of flesh
 w - 6 fruits
 G - 5 beef jerkies


   Skills:
 * Level 10.9 Fighting
 + Level 7.4 Polearms
 + Level 6.4 Dodging
 - Level 1.7 Stealth
 * Level 9.4 Spellcasting
 * Level 9.7 Conjurations
 * Level 11.0 Fire Magic
 + Level 6.2 Evocations


You had 15 spell levels left.
You knew the following spells:

 Your Spells              Type           Power        Failure   Level  Hunger
a - Flame Tongue          Conj/Fire      #####        1%          1    None
b - Throw Flame           Conj/Fire      ######       1%          2    None
c - Conjure Flame         Conj/Fire      ######..     1%          3    None
d - Sticky Flame          Conj/Fire      ######..     1%          4    ###....
e - Fireball              Conj/Fire      ######....   3%          5    #####..


Dungeon Overview and Level Annotations

Branches:
Dungeon (10/15)            Temple (0/1) D:5            Lair (7/8) D:10
 Shoals (0/4) Lair:5       Spider (0/4) Lair:5          Orc (0/2) D:9
  Slime: Lair:6-8

Altars:
Ashenzari
Cheibriados
Elyvilon
Fedhas
Gozag
Nemelex Xobeh
Okawaru
Pakellas
Ru
Sif Muna
Trog
Vehumet
Xom
Yredelemnul

Annotations:
Lair:4 Maud


Innate Abilities, Weirdness & Mutations

You can spit globs of burning liquid.
You can ignite nearby creatures when you spit burning liquid.
Your weird mottled scales are hard (AC +8).
Your body does not fit into most forms of armour.
You are cold-blooded and may be slowed by cold attacks.


Message History

The fire crab closely misses you.
The fire crab claws you but does no damage.
Drink which item? (? for menu, Esc to quit)
A red film seems to cover your vision as you go berserk!
You feel yourself moving faster!
You feel mighty! The fire crab misses you.
The fire crab claws you but does no damage.
You feel a strong urge to attack something.
The fire crab bites you but does no damage.
The fire crab barely misses you.
You feel your anger subside.
You are no longer berserk.
You pass out from exhaustion.
You feel yourself slow down.
You are feeling hungry.
The fire crab breathes flames at you. The blast of flame engulfs you!
You are engulfed in roaring flames.
* * * LOW HITPOINT WARNING * * *
You are engulfed in roaring flames.
You die...
Your body glows slightly and disappears.

................##.P.
...............P.PPP
................P...
...............P##
.......<.....PP.#
.......<........#
........§......P#
......§§§§......#
......§§@§.....#..#.
.#.....§§§t....#.....
#....§.....P#........#
#..##P.#.............#
## ####...#P.>.......
##P..§.........
#P............
P...........
##..........


You could see a fire crab.

Vanquished Creatures
  Gastronok (D:10)
  Harold (Lair:3)
  4 hydras
  Nergalle (Lair:3)
  2 hill giants (D:10)
  An unseen horror (Lair:6)
  The ghost of peaced01 the Ruffian, a novice TrBe of Trog (D:6)
  An orb spider (Lair:5)
  A griffon (Lair:1)
  6 elephants (Lair:4)
  2 black mambas
  6 spiny frogs
  Joseph (D:7)
  A rime drake (Lair:2)
  4 komodo dragons
  2 trolls (D:10)
  A two-headed ogre (D:9)
  The ghost of Gadfly the Poker, an amateur MfSk of Nemelex Xobeh (D:7)
  4 blink frogs (Lair:3)
  A snapping turtle (Lair:5)
  A wyvern (Lair:4)
  A human (D:8)
  22 yaks
  4 basilisks
  Grum (D:10)
  2 hungry ghosts
  7 hippogriffs
  A swamp worm (D:10)
  6 water moccasins
  Duvessa (D:7)
  An ice beast (D:6)
  10 porcupines
  2 black bears
  3 orc warriors
  A necrophage (D:5)
  2 sky beasts
  9 ogres
  11 wolves
  2 centaurs
  13 crocodiles
  9 giant frogs
  Dowan (D:7)
  3 scorpions
  A water moccasin skeleton (D:9)
  12 killer bees
  6 electric eels
  A howler monkey (D:5)
  A crimson imp (D:8)
  2 quasits
  A giant frog zombie (D:5)
  5 jellies
  4 hounds
  6 orc priests
  A giant frog skeleton (D:5)
  11 iguanas
  4 orc wizards
  5 worker ants
  2 sheep (D:8)
  2 hound skeletons
  A howler monkey zombie (D:7)
  8 gnolls
  11 adders
  9 river rats
  A shadow imp (D:9)
  An adder zombie (D:8)
  An ooze (D:3)
  3 adder skeletons
  7 worms
  3 dart slugs
  2 giant geckos (D:6)
  43 orcs
  7 bats
  6 giant cockroaches
  6 goblins
  9 hobgoblins
  13 jackals
  8 quokkas
  2 ball pythons
  7 giant newts
  A jackal skeleton (D:8)
  9 kobolds
  9 rats
  A fungus (Lair:6)
387 creatures vanquished.

Vanquished Creatures (collateral kills)
  7 yaks
  A water moccasin (Lair:4)
  An orc warrior (D:9)
  A giant frog (Lair:6)
  An orc wizard (D:9)
  An adder (D:8)
  5 river rats (Lair:4)
  An orc (D:9)
18 creatures vanquished.

Vanquished Creatures (others)
  7 fungi
  6 plants
13 creatures vanquished.

Grand Total: 418 creatures vanquished

Notes
Turn   | Place    | Note
--------------------------------------------------------------
     0 | D:1      | Kook the Draconian Fire Elementalist began the quest for the Orb.
     0 | D:1      | Reached XP level 1. HP: 14/14 MP: 3/3
   360 | D:1      | Reached XP level 2. HP: 22/22 MP: 1/5
   437 | D:1      | Reached skill level 1 in Fighting
  1207 | D:1      | Reached XP level 3. HP: 28/28 MP: 1/6
  1809 | D:2      | Reached XP level 4. HP: 25/36 MP: 0/7
  2122 | D:2      | Found a deep blue altar of Sif Muna.
  2296 | D:1      | Learned a level 2 spell: Throw Flame
  2300 | D:1      | Learned a level 3 spell: Conjure Flame
  2646 | D:2      | Reached skill level 1 in Polearms
  2671 | D:2      | Reached XP level 5. HP: 24/41 MP: 0/8
  3124 | D:3      | Noticed an ogre
  3145 | D:3      | Killed an ogre
  3145 | D:3      | Reached skill level 4 in Fire Magic
  3231 | D:3      | Reached XP level 6. HP: 48/50 MP: 5/10
  3275 | D:3      | Learned a level 4 spell: Sticky Flame
  4384 | D:3      | Found a sparkling altar of Nemelex Xobeh.
  4435 | D:3      | Found an iron altar of Okawaru.
  4482 | D:3      | Became a worshipper of Nemelex Xobeh the Trickster
  4503 | D:3      | Found a basalt altar of Yredelemnul.
  4542 | D:3      | Found a radiant altar of Vehumet.
  4661 | D:3      | Received a gift from Nemelex Xobeh
  4787 | D:4      | Noticed a sky beast
  4797 | D:4      | Killed a sky beast
  4797 | D:4      | Your scales start taking on a weird mottled colour.
  4797 | D:4      | Reached XP level 7. HP: 49/58 MP: 7/12
  4879 | D:4      | Reached skill level 5 in Fire Magic
  5124 | D:4      | Drew Focus: Int increased to 18, Str decreased to 9
  5138 | D:4      | Reached skill level 1 in Evocations
  5795 | D:4      | Found a deep blue altar of Sif Muna.
  5842 | D:5      | Entered Level 5 of the Dungeon
  5898 | D:5      | Got a warped wooden ring
  6001 | D:5      | Identified the ring of Zeiwaob {rElec AC+4 Int-3 Dex+2 Stlth+} (You found it on level 5 of the Dungeon)
  6003 | D:5      | Reached * piety under Nemelex Xobeh
  6029 | D:5      | Found a white marble altar of Elyvilon.
  6074 | D:5      | Found an oddly glowing altar of Pakellas.
  6121 | D:5      | Found a staircase to the Ecumenical Temple.
  6333 | D:5      | Found a blossoming altar of Fedhas.
  6476 | D:5      | Reached XP level 8. HP: 55/67 MP: 9/14
  6854 | D:6      | Reached skill level 6 in Fire Magic
  6995 | D:6      | Noticed peaced01's ghost (novice TrBe)
  7004 | D:6      | Killed peaced01's ghost
  7004 | D:6      | Reached skill level 5 in Fighting
  7004 | D:6      | Reached skill level 5 in Conjurations
  7357 | D:6      | Found a shimmering altar of Xom.
  7386 | D:6      | Found a shattered altar of Ashenzari.
  7396 | D:6      | Found a bloodstained altar of Trog.
  7451 | D:6      | Reached ** piety under Nemelex Xobeh
  7554 | D:6      | Found an opulent altar of Gozag.
  7558 | D:6      | Reached XP level 9. HP: 72/74 MP: 12/16
  7695 | D:7      | Noticed Gadfly's ghost (amateur MfSk)
  7756 | D:7      | Learned a level 5 spell: Fireball
  7817 | D:7      | Noticed Joseph
  7827 | D:7      | Noticed Duvessa
  7845 | D:7      | Killed Duvessa
  7845 | D:7      | Reached skill level 5 in Spellcasting
  7846 | D:7      | Killed Joseph
  7846 | D:7      | Reached skill level 7 in Fire Magic
  8107 | D:7      | Received a gift from Nemelex Xobeh
  8766 | D:8      | Found a sacrificial altar of Ru.
  9151 | D:8      | Received a gift from Nemelex Xobeh
  9386 | D:8      | Reached *** piety under Nemelex Xobeh
  9813 | D:8      | Received a gift from Nemelex Xobeh
 10001 | D:8      | Reached XP level 10. HP: 84/84 MP: 8/19
 10033 | D:8      | Identified Sif Muna's Grimoire of Ghastly Confrontation
 10554 | D:9      | Received a gift from Nemelex Xobeh
 10903 | D:9      | Received a gift from Nemelex Xobeh
 11156 | D:9      | Reached **** piety under Nemelex Xobeh
 11211 | D:9      | Found a snail-covered altar of Cheibriados.
 11411 | D:9      | Found a staircase to the Orcish Mines.
 11444 | D:9      | Reached skill level 8 in Fire Magic
 11599 | D:10     | Entered Level 10 of the Dungeon
 11633 | D:10     | Noticed Grum
 11673 | D:10     | Killed Grum
 11762 | D:10     | Noticed a hill giant
 12111 | D:10     | Found a staircase to the Lair.
 12167 | D:10     | Reached skill level 5 in Polearms
 12231 | D:10     | Noticed Gastronok
 12241 | D:10     | Killed Gastronok
 12241 | D:10     | Reached XP level 11. HP: 82/94 MP: 11/21
 12293 | D:10     | Noticed a hill giant
 12310 | D:10     | Killed a hill giant
 12388 | D:10     | Noticed a hill giant
 12407 | D:10     | Killed a hill giant
 12407 | D:10     | Reached skill level 9 in Fire Magic
 12608 | D:10     | Received a gift from Nemelex Xobeh
 12610 | D:10     | Noticed a hill giant
 12612 | D:10     | a hill giant changed into a swamp worm
 12718 | Lair:1   | Entered Level 1 of the Lair of Beasts
 13039 | D:10     | Reached skill level 5 in Dodging
 13201 | Lair:1   | Noticed a six-headed hydra
 13213 | Lair:1   | Killed a six-headed hydra
 13517 | Lair:2   | Gained mutation: Scrolls take you a little longer to read. [potion of mutation]
 13517 | Lair:2   | Gained mutation: Your magical capacity is low (-10% MP). [potion of mutation]
 13517 | Lair:2   | Gained mutation: Your magical capacity is very low (-20% MP). [potion of mutation]
 13518 | Lair:2   | Lost mutation: Your magical capacity is very low (-20% MP). [potion of cure mutation]
 13518 | Lair:2   | Lost mutation: Your magical capacity is low (-10% MP). [potion of cure mutation]
 13518 | Lair:2   | Lost mutation: Scrolls take you a little longer to read. [potion of cure mutation]
 13558 | Lair:1   | Noticed a griffon
 13568 | Lair:1   | Killed a griffon
 13899 | Lair:1   | Received a gift from Nemelex Xobeh
 14011 | Lair:1   | Reached skill level 5 in Evocations
 14455 | Lair:2   | Reached ***** piety under Nemelex Xobeh
 15061 | Lair:2   | Received a gift from Nemelex Xobeh
 15442 | Lair:3   | Received a gift from Nemelex Xobeh
 15659 | Lair:3   | Reached XP level 12. HP: 104/104 MP: 14/23
 15685 | Lair:3   | Reached skill level 10 in Fire Magic
 15878 | Lair:3   | Received a gift from Nemelex Xobeh
 16140 | Lair:3   | Noticed Harold
 16165 | Lair:3   | Killed Harold
 16694 | Lair:4   | Noticed Nergalle
 16757 | Lair:3   | Killed Nergalle
 17324 | Lair:4   | Noticed a four-headed hydra
 17381 | Lair:4   | Killed a four-headed hydra
 17458 | Lair:4   | Reached skill level 10 in Fighting
 17528 | Lair:4   | Received a gift from Nemelex Xobeh
 17602 | Lair:4   | Noticed Maud
 17964 | Lair:4   | Noticed a six-headed hydra
 17972 | Lair:4   | Killed a six-headed hydra
 18563 | D:7      | Noticed Dowan
 18572 | D:7      | Killed Dowan
 18825 | D:7      | Killed Gadfly's ghost
 19653 | Lair:5   | Found a staircase to the Shoals.
 19945 | Lair:5   | Reached XP level 13. HP: 84/114 MP: 10/26
 20147 | Lair:5   | Found a hole to the Spider Nest.
 20537 | Lair:6   | Received a gift from Nemelex Xobeh
 21062 | Lair:6   | Received a gift from Nemelex Xobeh
 21705 | Lair:6   | Reached skill level 11 in Fire Magic
 22053 | Lair:7   | HP: 3/115 [fire crab] (20)]
 22062 | Lair:7   | Engulfed by a fire crab's flame

Skill      XL: |  1  2  3  4  5  6  7  8  9 10 11 12 13 |
---------------+----------------------------------------+-----
Fighting       | 1 2 3 4 5 6 8 9 10 | 10.9
Conjurations   | 2 3 4 5 6 7 8 9 |  9.7
Polearms       | 1 2 3 4 5 6 7 |  7.4
Spellcasting   | 3 4 6 7 9 |  9.4
Fire Magic     | 4 5 6 7 8 9 10 11 | 11.0
Dodging        | 2 3 4 5 6 |  6.4
Evocations     | 1 2 3 4 5 6 |  6.2
Stealth        | |  1.7

Action                   |  1- 3 |  4- 6 |  7- 9 | 10-12 | 13-15 || total
-------------------------+-------+-------+-------+-------+-------++-------
Melee: Unarmed           |    18 |       |       |       |       ||    18
       Short sword       |     3 |       |       |       |       ||     3
       Tailslap          |     2 |     9 |     5 |    14 |     3 ||    33
       Spear             |    17 |    53 |    19 |       |       ||    89
       Trident           |       |       |   103 |   136 |       ||   239
       Glaive            |       |       |       |   122 |    28 ||   150
Throw: Javelin           |    38 |    26 |       |       |       ||    64
 Cast: Flame Tongue      |    57 |   130 |   239 |   448 |    66 ||   940
       Throw Flame       |       |     6 |     5 |    47 |     6 ||    64
       Conjure Flame     |       |     1 |    31 |    48 |     7 ||    87
       Sticky Flame      |       |       |     6 |    57 |    13 ||    76
       Fireball          |       |       |       |    13 |     3 ||    16
Invok: Triple Draw       |       |       |       |    11 |       ||    11
 Abil: Breathe Sticky Fl |       |       |     4 |    14 |     4 ||    22
Evoke: Deck              |       |       |     4 |    15 |     4 ||    23
       Wand              |       |       |     1 |       |       ||     1
       Phial of floods   |       |       |       |     1 |       ||     1
  Use: Scroll            |       |       |     8 |    17 |     3 ||    28
       Potion            |       |       |       |     4 |     5 ||     9
 Stab: Sleeping          |     1 |       |     2 |     1 |       ||     4
       Distracted        |       |       |       |     1 |       ||     1
  Eat: Chunk             |     4 |    10 |    21 |    43 |    10 ||    88
       Beef jerky        |       |       |       |     1 |       ||     1
Armor: Skin              |    25 |    50 |    54 |   235 |    84 ||   448
Dodge: Dodged            |    47 |    67 |   108 |   353 |    78 ||   653
